 Dungeon Crawl Stone Soup version 0.31-a0-257-gf185e81a89 (webtiles) character file.

Game seed: 14338079562423463033

380 qw the Shooter (level 6, -3/52 HPs)
             Began as a Minotaur Hexslinger on July 12, 2023.
             Slain by Edmund
             ... wielding a +2 flail of protection
              (7 damage)
             ... on level 4 of the Dungeon.
             The game lasted 00:01:10 (2953 turns).

qw the Shooter (Minotaur Hexslinger)                Turns: 2953, Time: 00:01:11

Health: -3/52      AC:  8    Str: 12    XL:     6   Next: 46%
Magic:  6/6        EV: 11    Int: 10    God:
Gold:   191        SH:  0    Dex: 15    Spells: 6/7 levels left

rFire   + . .        Y - +2 sling
rCold   . . .        (no shield)
rNeg    . . .        i - +0 swamp dragon scales
rPois   +            (helmet restricted)
rElec   .            (no cloak)
rCorr   .            c - +0 pair of gloves
SInv    +            (no boots)
Will    .....        (no amulet)
Stlth   +            d - ring of protection from fire
HPRegen 0.28/turn    j - ring of see invisible
MPRegen 0.10/turn

%: no passive effects
@: no status effects
A: horns 2, retaliatory headbutt
a: no special abilities


You were on level 4 of the Dungeon.
You visited 1 branch of the dungeon, and saw 4 of its levels.

You collected 191 gold pieces.


Innate Abilities, Weirdness & Mutations

You have a pair of horns on your head.
You reflexively headbutt those who attack you in melee.


   Skills:
 - Level 4.0 Fighting
 + Level 6.2 Ranged Weapons
 - Level 2.3 Armour
 - Level 2.1 Dodging
 - Level 1.0 Spellcasting
 - Level 2.0 Hexes


You had 6 spell levels left.
You knew the following spells:

 Your Spells              Type           Power      Damage    Failure   Level
a - Slow                  Hex            16%        N/A       32%         1

Your spell library contained the following spells:

 Spells                   Type           Power      Damage    Failure   Level
 Inner Flame              Hex/Fire       2%         N/A       83%         3
 Portal Projectile        Hex/Tloc       4%         N/A       83%         3
 Cause Fear               Hex            2%         N/A       97%         4

Inventory:

Hand Weapons
 Y - a +2 sling (weapon)
Armour
 c - a +0 pair of gloves (worn)
 i - +0 swamp dragon scales (worn)
Jewellery
 d - a ring of protection from fire (left hand)
 j - a ring of see invisible (right hand)
Scrolls
 a - a scroll of identify
 b - a scroll of revelation {unknown}
Potions
 e - a potion of might {unknown}
 f - a potion of curing
 g - a potion of heal wounds {unknown}
 h - a potion of degeneration {unknown}
 k - 3 potions of attraction {unknown}

Dungeon Overview and Level Annotations

Branches:
Dungeon (4/15)
 Temple: D:4-7

Altars:

Annotations:
D:4 1 runed translucent door, Crazy Yiuf, Edmund


Message History

You shoot a sling bullet.
The sling bullet hits Edmund but does no damage.
Edmund is lightly wounded.
Edmund closely misses you. x2
You shoot a sling bullet.
The sling bullet hits Edmund but does no damage.
Edmund is lightly wounded.
Edmund hits you with a +2 flail of protection.
You shoot a sling bullet. The sling bullet hits Edmund.
Edmund is lightly wounded.
Edmund completely misses you.
You shoot a sling bullet. The sling bullet barely misses Edmund.
Edmund barely misses you. You furiously retaliate!
You headbutt Edmund. You shoot a sling bullet. The sling bullet hits Edmund.
Edmund is moderately wounded.
Edmund hits you with a +2 flail of protection.
You shoot a sling bullet. The sling bullet barely misses Edmund.
Edmund hits you with a +2 flail of protection. x2
You shoot a sling bullet.
The sling bullet hits Edmund but does no damage.
Edmund is moderately wounded.
Edmund mutters, "Who needs spells, anyway?"
Edmund hits you with a +2 flail of protection.
You shoot a sling bullet.
The sling bullet hits Edmund but does no damage.
Edmund is moderately wounded.
Edmund barely misses you.
You shoot a sling bullet.
The sling bullet hits Edmund but does no damage.
Edmund is moderately wounded.
Edmund hits you with a +2 flail of protection!
You shoot a sling bullet. The sling bullet hits Edmund.
Edmund is moderately wounded.
Edmund barely misses you.
You shoot a sling bullet.
The sling bullet hits Edmund but does no damage.
Edmund is moderately wounded.
Edmund hits you with a +2 flail of protection.
Edmund hits you with a +2 flail of protection!
You die...

..%.# #####.# ###.#
#.....# #.#.###.#####
........# ....#####
############# .....#
#>........... ....##
#.###.#.#.#.. ...##
#.###.#.#.... ...#
###>##.@@...... ...#
#.......#.#..<. ...#
#.#.#.#..... ..
...#######.#..###..##..
...##........## #.# ..
...##.####..#.# #. .
............#..# ..
................. ..
..........#.#.# #.


You could see Edmund.

Vanquished Creatures
  A phantom (D:4)
  A scorpion (D:4)
  A hound (D:4)
  A sleepcap (D:3)
  Jessica (D:2)
  Robin (D:2)
  8 adders
  2 worms
  2 dart slugs (D:3)
  3 orcs
  7 endoplasms
  A giant cockroach (D:2)
  13 goblins
  10 hobgoblins
  3 jackals (D:3)
  A quokka (D:4)
  3 ball pythons
  8 bats
  3 frilled lizards
  4 kobolds
  5 rats
79 creatures vanquished.

Notes
Turn   | Place    | Note
-------+----------+-------------------------------------------
     0 | D:1      | qw the Minotaur Hexslinger began the quest for the Orb.
     0 | D:1      | Reached XP level 1. HP: 16/16 MP: 1/1
     0 | D:1      | 0 ||| qw: Version: 0.3-a-52-g30416fa
     0 | D:1      | 0 ||| qw: Game counter: 6773
     0 | D:1      | 0 ||| qw: Melee chars always use a shield: true
     0 | D:1      | 0 ||| qw: God list: Okawaru
     0 | D:1      | 0 ||| qw: Allow faded altars: false
     0 | D:1      | 0 ||| qw: Do Orc after clearing Dungeon:15 true
     0 | D:1      | 0 ||| qw: Do second Lair branch before Depths: true
     0 | D:1      | 0 ||| qw: Lair rune preference: random
     0 | D:1      | 0 ||| qw: Goals: Normal
     0 | D:1      | 0 ||| PLANNING D:1-11
   238 | D:1      | Found a faded altar of an unknown god.
   260 | D:1      | Reached skill level 3 in Ranged Weapons
   281 | D:1      | Reached XP level 2. HP: 23/23 MP: 2/2
   619 | D:1      | 619 ||| UPGRADING to +0 swamp dragon scales.
   629 | D:1      | 629 ||| DROPPING +0 robe.
   630 | D:1      | 630 ||| UPGRADING to ring of protection from fire.
   631 | D:1      | 631 ||| READING 2 scrolls labelled MEGYSU XIMETIDD.
   632 | D:1      | 632 ||| READING scroll labelled MIRAEMP WEFIEWK.
   676 | D:1      | 676 ||| READING scroll labelled VAG LIKYIFEPT.
   677 | D:1      | 677 ||| READING scroll labelled QUC HUIVAXT.
   678 | D:1      | 678 ||| DRINKING 2 dark potions.
   679 | D:1      | 679 ||| DRINKING 2 lumpy silvery potions.
   680 | D:1      | 680 ||| DROPPING scroll of poison.
   681 | D:1      | 681 ||| DROPPING potion of brilliance.
   703 | D:2      | Noticed Jessica
   710 | D:2      | Killed Jessica
   711 | D:2      | Reached XP level 3. HP: 21/29 MP: 3/3
   805 | D:2      | Noticed Robin
   811 | D:2      | 811 ||| Stepping ~*~*~tactically~*~*~ (outnumbered).
   830 | D:2      | Killed Robin
   831 | D:2      | Reached XP level 4. HP: 11/35 MP: 4/4
  1142 | D:2      | Reached skill level 4 in Ranged Weapons
  1583 | D:2      | 1583 ||| UPGRADING to +0 pair of gloves.
  1588 | D:2      | 1588 ||| UPGRADING to ring of see invisible.
  1589 | D:2      | 1589 ||| READING scroll labelled DOUCKEOKHE.
  1590 | D:2      | 1590 ||| READING scroll labelled QUPLAO HUMARGH.
  1732 | D:3      | Reached skill level 5 in Ranged Weapons
  1732 | D:3      | Reached XP level 5. HP: 40/41 MP: 5/5
  1906 | D:3      | Reached skill level 3 in Fighting
  2512 | D:3      | 2512 ||| READING scroll labelled XASHOT KEUG.
  2665 | D:4      | Found a runed translucent door.
  2666 | D:4      | Noticed Crazy Yiuf
  2731 | D:4      | Noticed a phantom
  2737 | D:4      | Killed a phantom
  2738 | D:4      | Reached skill level 6 in Ranged Weapons
  2738 | D:4      | Reached XP level 6. HP: 51/51 MP: 6/6
  2931 | D:4      | Noticed Edmund
  2951 | D:4      | HP: 7/52 [Edmund/+2 flail of protection (11)]
  2953 | D:4      | Slain by Edmund

Levels and vault maps discovered:
D:1:      minmay_arrival_three_doors, layout_basic,
          shapermc_ecumenical_altar_rom_forum
D:2:      layout_loops_ring, uniq_robin, uniq_jessica
D:3:      layout_loops_corners
D:4:      layout_loops_cross, nicolae_overflow_hidden_temple, uniq_ijyb,
          uniq_sigmund, uniq_edmund, uniq_crazy_yiuf_cottage

Skill      XL: |  1  2  3  4  5  6 |
---------------+-------------------+-----
Ranged Weapons | 3 5 6 |  6.2
Fighting       | 2 3 4 |  4.0
Armour         | 2 |  2.3
Dodging        | |  2.1
Spellcasting   | |  1.0
Hexes          | |  2.0

Action                     |  1- 3 |  4- 6 || total
---------------------------+-------+-------++-------
   Fire: Sling             |    89 |   203 ||   292
    Use: Scroll            |     4 |     3 ||     7
         Potion            |     2 |       ||     2
 Armour: Swamp dragon scal |    16 |    58 ||    74
         Robe              |     1 |       ||     1
  Dodge: Dodged            |    28 |    84 ||   112

Table legend:
 A = Non-vault XP
 B = Vault XP
 C = Vault XP percentage of total XP
 D = Non-vault monster count
 E = Vault monster count
 F = Vault count percentage of total count
                 A         B        C        D         E       F
            +---------+---------+-------+---------+---------+-------
      Total |     473 |      71 |  13.1 |      66 |      13 |  16.5
            +---------+---------+-------+---------+---------+-------
        D:1 |      23 |       0 |   0.0 |      14 |       0 |   0.0
        D:2 |      85 |      71 |  45.5 |      16 |      13 |  44.8
        D:3 |     126 |       0 |   0.0 |      27 |       0 |   0.0
        D:4 |     239 |       0 |   0.0 |       9 |       0 |   0.0
            +---------+---------+-------+---------+---------+-------
